 Dungeon Sprint DCSS version 0.16-a0-1196-ged0958e (webtiles) character file.

9100000 Gustav the Ninja (level 18, -16/109 HPs)
             Began as a Felid Conjurer on Oct 10, 2014.
             Was the Champion of Makhleb.
             Demolished by The Servant
             ... wielding a +9 glaive of flaming
              (34 damage)
             ... in the Dungeon (Sprint VIII: "Arena of Blood").
             The game lasted 00:06:14 (91 turns).

Gustav the Ninja (Felid Conjurer)                     Turns: 91, Time: 00:06:14

Health: -16/109    AC:  3    Str:  4    XL:     18   Next: 84%
Magic:  46/46      EV: 43    Int: 19    God:    Makhleb [******]
Gold:   0          SH:  0    Dex: 22    Spells: 1 memorised, 70 levels left
                                        Lives:  0   Deaths: 4

rFire  . . .     SeeInvis +       - Unarmed
rCold  + . .     Clarity  .     (armour unavailable)
rNeg   . . .     SustAb   .     (shield unavailable)
rPois  .         Gourm    .     (helmet unavailable)
rElec  .         Spirit   .     (cloak unavailable)
rCorr  .         Warding  .     (gloves unavailable)
rMut   .         NoTele   +     (boots unavailable)
MR     ++...                    (no amulet)
Stlth  ++++++++++               (no ring)
                                a - +27000 ring of slaying

@: quick, very resistant to hostile enchantments, uncannily stealthy
A: paw claws, no armour, no weapons or thrown items, fangs 3, see invisible,
carnivore 3, speed 1, shaggy fur 3, slow metabolism 1
a: Minor Destruction, Lesser Servant of Makhleb, Major Destruction, Greater
Servant of Makhleb, Renounce Religion


You were in the Dungeon.
You worshipped Makhleb.
Makhleb was exalted by your worship.
You were not hungry.

You visited 1 branch

Inventory:

Comestibles
 b - a meat ration
Jewellery
 a - a +27000 ring of slaying (left paw)
Potions
 d - a potion of curing
 e - a potion of heal wounds
 f - a potion of haste
 g - 2 potions of magic
 h - a potion of berserk rage
Books
 c - a book of Conjurations

   Spells                             Type                      Level
   *Magic Dart                        Conjuration                  1
   Searing Ray                        Conjuration                  2
   Dazzling Spray                     Conjuration/Hexes            3
   Fulminant Prism                    Conjuration/Hexes            4
   Iskenderun's Mystic Blast          Conjuration                  4
   Iskenderun's Battlesphere          Conjuration/Charms           5


   Skills:
 O Level 27 Fighting
 O Level 27 Dodging
 O Level 27 Stealth
 O Level 27 Unarmed Combat
 O Level 27 Spellcasting
 O Level 27 Conjurations
 O Level 27 Invocations


You had 70 spell levels left.
You knew the following spells:

 Your Spells              Type           Power        Failure   Level  Hunger
a - Magic Dart            Conj           ####         0%          1    None


Dungeon Overview and Level Annotations

Branches:
Dungeon (1/1)

Altars:
Makhleb

Annotations:
D The Servant


Innate Abilities, Weirdness & Mutations

You cannot wear armour.
You are incapable of wielding weapons or throwing items.
Your paws have sharp claws.
You have razor-sharp teeth.
You have supernaturally acute eyesight.
You are carnivorous and can eat meat at any time.
You cover ground quickly.
Your thick and shaggy fur keeps you warm (AC +3, rC+).
You have a slow metabolism.


Message History

The dread calls on the powers of darkness!
The bag of meat convulses! x4
The meat berserker convulses!
The bag of meat convulses!
The bag of meat convulses!
The Servant convulses!
The bag of meat convulses!
The meat berserker convulses!
The bag of meat convulses!
The bag of meat convulses!
Your body is wracked with pain!
The meat berserker convulses!
The eight-headed meat hydra convulses!
The bag of meat convulses!
You hear a shout!
A bag of meat comes into view. It is wielding a +9 war axe.
You eviscerate the destroyer!!!!!!!!!!!
You destroy the destroyer!
Makhleb accepts your kill.
You feel a little better.
You hear a shout! x2
The Servant hits you from afar with a +9 glaive of flaming!!!!
Ouch! That really hurt!
* * * LOW HITPOINT WARNING * * *
The Servant burns you!!
You die...

...§..§.§§§.....#%......#§XoX.
.....Ooo#OoO............§§oo...
#§#.#.............oo..#.
......Oo#)#O.o..............#.o
###..V#.#O#.oWWW..%2o.%%.##..V
##.o.#.#o.o..#..W.§%..#..... #O
....W@Loo.§.o.....#...## ..
#.§...))##.#...%...%O... ..
#.D.O)@ooooW.....§..... #
X.LXX####ooo.#...).#### o
#......§o..%W...)..O#...
###.....)..%)%...%.ooo.
####..)..).).......##
#################


You could see a tentacled monstrosity, 2 tyrants, The Servant, an eight-headed
meat hydra, 2 large abominations, 3 lost souls, 3 dreads, 4 meat berserkers and
15 bags of meat.

Vanquished Creatures
  3 greater mummies (D)
  A hell beast (D)
  4 hill giants (D)
  9 ogres (D)
  19 orcs (D)
  3 skeletal warriors (D)
  5 vampire knights (D)
44 creatures vanquished.

Vanquished Creatures (others)
  An orc (D)
  A balrug (D)
  A green death (D)
  A blizzard demon (D)
  2 crawling corpses (D)
6 creatures vanquished.

Grand Total: 50 creatures vanquished

Notes
Turn   | Place    | Note
--------------------------------------------------------------
     0 | D        | Gustav, the Felid Conjurer, began the quest for the Orb.
     0 | D        | Reached XP level 1. HP: 7/7 MP: 4/4
     3 | D        | Noticed a bag of meat
     4 | D        | Noticed a bag of meat
     4 | D        | Became a worshipper of Makhleb the Destroyer
     5 | D        | Noticed a bag of meat
     6 | D        | Noticed a bag of meat
     7 | D        | Noticed a bag of meat
     9 | D        | Noticed a bag of meat
     9 | D        | Noticed a bag of meat
    10 | D        | Noticed a meat berserker
    11 | D        | Noticed a meat berserker
    11 | D        | Noticed a bag of meat
    12 | D        | Noticed a bag of meat
    12 | D        | Killed a bag of meat
    12 | D        | Reached skill level 10 in Fighting
    12 | D        | Reached skill level 13 in Dodging
    12 | D        | Reached skill level 15 in Stealth
    12 | D        | Reached skill level 10 in Unarmed Combat
    12 | D        | Reached skill level 10 in Spellcasting
    12 | D        | Reached skill level 10 in Conjurations
    12 | D        | Reached skill level 10 in Invocations
    12 | D        | Reached XP level 2. HP: 8/21 MP: 4/17
    12 | D        | Reached XP level 3. HP: 9/25 MP: 4/20
    12 | D        | Reached XP level 4. HP: 10/29 MP: 4/22
    12 | D        | Reached XP level 5. HP: 11/32 MP: 4/24
    12 | D        | Gained mutation: You are covered in thick fur (AC +2). [growing up]
    12 | D        | Reached XP level 6. HP: 12/36 MP: 4/25
    12 | D        | Reached XP level 7. HP: 13/40 MP: 4/27
    12 | D        | Reached XP level 8. HP: 14/44 MP: 4/28
    12 | D        | Reached XP level 9. HP: 14/47 MP: 4/29
    12 | D        | Reached XP level 10. HP: 15/51 MP: 4/31
    12 | D        | Reached XP level 11. HP: 16/55 MP: 4/31
    13 | D        | Noticed a bag of meat
    13 | D        | Noticed a bag of meat
    13 | D        | Noticed a bag of meat
    14 | D        | Noticed a bag of meat
    14 | D        | Noticed a bag of meat
    15 | D        | Noticed a bag of meat
    15 | D        | Noticed a meat berserker
    15 | D        | Killed a meat berserker
    15 | D        | Acquired Makhleb's first power
    15 | D        | Reached skill level 15 in Dodging
    15 | D        | Reached skill level 17 in Stealth
    15 | D        | Gained mutation: Your thick and shaggy fur keeps you warm (AC +3, rC+). [growing up]
    15 | D        | Reached XP level 12. HP: 17/61 MP: 4/33
    15 | D        | Annihilated by a meat berserker
    16 | D        | Reached XP level 11. HP: -41/57 MP: 3/32
    16 | D        | Noticed a bag of meat
    16 | D        | Noticed a bag of meat
    16 | D        | Noticed a bag of meat
    16 | D        | Noticed a bag of meat
    16 | D        | Noticed a bag of meat
    16 | D        | Noticed a bag of meat
    16 | D        | Noticed a meat berserker
    18 | D        | Noticed a bag of meat
    18 | D        | Noticed a bag of meat
    19 | D        | Noticed a bag of meat
    19 | D        | Killed a bag of meat
    19 | D        | Reached skill level 18 in Stealth
    19 | D        | Reached XP level 12. HP: 61/63 MP: 32/34
    21 | D        | Noticed a meat berserker
    21 | D        | Noticed a bag of meat
    22 | D        | Noticed a bag of meat
    22 | D        | Noticed a destroyer
    23 | D        | Noticed a large bag of meat
    23 | D        | Noticed a bag of meat
    23 | D        | Noticed a large bag of meat
    23 | D        | Killed a bag of meat
    23 | D        | Reached skill level 19 in Stealth
    23 | D        | Reached XP level 13. HP: 65/68 MP: 33/36
    24 | D        | Noticed a meat berserker
    24 | D        | Killed a meat berserker
    24 | D        | Acquired Makhleb's second power
    24 | D        | Reached skill level 15 in Fighting
    24 | D        | Reached skill level 20 in Stealth
    24 | D        | Reached skill level 15 in Unarmed Combat
    24 | D        | Reached skill level 15 in Invocations
    25 | D        | Noticed a destroyer
    25 | D        | Noticed a destroyer
    25 | D        | Killed a bag of meat
    25 | D        | Reached skill level 21 in Stealth
    25 | D        | Reached skill level 15 in Conjurations
    25 | D        | Reached XP level 14. HP: 71/74 MP: 33/37
    26 | D        | Noticed a bag of meat
    26 | D        | Noticed a meat berserker
    26 | D        | Noticed a large bag of meat
    26 | D        | Noticed a meat berserker
    26 | D        | Noticed a bag of meat
    27 | D        | Noticed a bag of meat
    27 | D        | Noticed a bag of meat
    27 | D        | Noticed a bag of meat
    27 | D        | Killed a large bag of meat
    27 | D        | Reached skill level 22 in Stealth
    27 | D        | Reached skill level 15 in Spellcasting
    28 | D        | Noticed a bag of meat
    28 | D        | Noticed a bag of meat
    28 | D        | Noticed a bag of meat
    28 | D        | Killed a meat berserker
    28 | D        | Acquired Makhleb's third power
    28 | D        | Reached XP level 15. HP: 78/80 MP: 34/39
    29 | D        | Noticed a destroyer
    29 | D        | Noticed a meat berserker
    29 | D        | Noticed a bag of meat
    30 | D        | Killed a bag of meat
    30 | D        | Reached skill level 23 in Stealth
    31 | D        | Noticed a bag of meat
    31 | D        | Killed a destroyer
    31 | D        | Reached skill level 24 in Stealth
    32 | D        | Noticed a bag of meat
    32 | D        | Noticed a bag of meat
    32 | D        | Noticed The Servant
    32 | D        | Killed a large bag of meat
    32 | D        | Acquired Makhleb's fourth power
    33 | D        | Noticed a bag of meat
    33 | D        | Noticed a meat berserker
    33 | D        | Killed a meat berserker
    33 | D        | Reached skill level 25 in Stealth
    33 | D        | Reached XP level 16. HP: 87/87 MP: 35/40
    34 | D        | Killed a bag of meat
    35 | D        | Noticed a meat berserker
    35 | D        | Killed a bag of meat
    35 | D        | Mangled by The Servant
    36 | D        | Reached XP level 15. HP: -9/84 MP: 34/40
    36 | D        | Noticed a bag of meat
    36 | D        | Noticed a bag of meat
    36 | D        | Noticed a large bag of meat
    36 | D        | Noticed a bag of meat
    38 | D        | Killed a bag of meat
    38 | D        | Acquired Makhleb's fifth power
    38 | D        | Reached skill level 26 in Stealth
    39 | D        | Killed a bag of meat
    39 | D        | Reached skill level 27 in Stealth
    39 | D        | Reached XP level 16. HP: 74/90 MP: 41/41
    41 | D        | Noticed a sculptor of flesh
    44 | D        | Killed a bag of meat
    45 | D        | Noticed a sculptor of flesh
    45 | D        | Killed a large bag of meat
    46 | D        | Noticed a destroyer
    47 | D        | Noticed an accursed
    47 | D        | Noticed a sculptor of flesh
    47 | D        | Killed a bag of meat
    48 | D        | Killed a sculptor of flesh
    48 | D        | Reached skill level 27 in Dodging
    48 | D        | Reached XP level 17. HP: 91/96 MP: 43/43
    49 | D        | Killed a destroyer
    50 | D        | Noticed an accursed
    51 | D        | Noticed a tyrant
    53 | D        | Noticed a bag of meat
    54 | D        | Killed a sculptor of flesh
    55 | D        | Noticed a bag of meat
    55 | D        | Noticed a bag of meat
    57 | D        | Noticed a bag of meat
    57 | D        | Noticed a bag of meat
    57 | D        | Noticed a bag of meat
    57 | D        | Noticed a large bag of meat
    58 | D        | Killed a sculptor of flesh
    59 | D        | Killed an accursed
    60 | D        | Noticed a meat berserker
    60 | D        | Noticed an accursed
    60 | D        | Killed an accursed
    60 | D        | Reached XP level 18. HP: 103/105 MP: 44/44
    62 | D        | Noticed a meat berserker
    63 | D        | Noticed a meat berserker
    63 | D        | Noticed a bag of meat
    63 | D        | Noticed a bag of meat
    64 | D        | Noticed a bag of meat
    64 | D        | Noticed a bag of meat
    64 | D        | Noticed a bag of meat
    64 | D        | Annihilated by a meat berserker
    65 | D        | Reached XP level 17. HP: -38/100 MP: 43/43
    65 | D        | Noticed a bag of meat
    65 | D        | Noticed a bag of meat
    65 | D        | Noticed a bag of meat
    65 | D        | Noticed a meat berserker
    65 | D        | Noticed a tyrant
    65 | D        | Noticed a dread
    66 | D        | Killed an accursed
    67 | D        | Noticed a bag of meat
    67 | D        | Noticed a bag of meat
    68 | D        | Noticed a bag of meat
    68 | D        | Noticed a bag of meat
    68 | D        | Noticed a destroyer
    69 | D        | Killed a meat berserker
    70 | D        | Killed a meat berserker
    71 | D        | Noticed a tentacled monstrosity
    71 | D        | Noticed a tentacled monstrosity
    71 | D        | Noticed a tentacled monstrosity
    71 | D        | Noticed a tentacled monstrosity
    71 | D        | Killed a meat berserker
    72 | D        | Noticed a destroyer
    72 | D        | Killed a bag of meat
    72 | D        | Reached XP level 18. HP: 106/108 MP: 45/45
    73 | D        | Noticed a meat beast
    73 | D        | Killed a large bag of meat
    74 | D        | Killed a bag of meat
    74 | D        | Reached skill level 27 in Unarmed Combat
    75 | D        | Noticed a destroyer
    75 | D        | Noticed a bag of meat
    75 | D        | Killed a bag of meat
    75 | D        | Reached skill level 27 in Fighting
    75 | D        | Reached skill level 27 in Invocations
    75 | D        | Killed from afar by a tyrant
    76 | D        | Reached XP level 17. HP: -12/104 MP: 44/45
    76 | D        | Noticed a bag of meat
    76 | D        | Noticed a bag of meat
    76 | D        | Noticed a meat berserker
    76 | D        | Noticed a meat berserker
    78 | D        | Noticed a lost soul
    79 | D        | Noticed a meat beast
    79 | D        | Killed a meat beast
    81 | D        | Killed a destroyer
    81 | D        | Reached skill level 27 in Spellcasting
    81 | D        | Reached skill level 27 in Conjurations
    82 | D        | Noticed a dread
    82 | D        | Noticed a dread
    83 | D        | Noticed a meat berserker
    83 | D        | Killed a destroyer
    84 | D        | Noticed a lost soul
    84 | D        | Killed a bag of meat
    84 | D        | Reached XP level 18. HP: 76/109 MP: 46/46
    85 | D        | Noticed a lost soul
    85 | D        | Killed a meat berserker
    86 | D        | Noticed a dread
    86 | D        | Killed a meat berserker
    87 | D        | Noticed a lost soul
    87 | D        | Noticed a tyrant
    87 | D        | Killed a bag of meat
    88 | D        | Noticed an eight-headed meat hydra
    88 | D        | Killed a bag of meat
    88 | D        | Killed a bag of meat
    89 | D        | Killed a bag of meat
    90 | D        | Killed a bag of meat
    91 | D        | Noticed a bag of meat
    91 | D        | Killed a destroyer
    91 | D        | Demolished by The Servant

Action                   |  1- 3 |  4- 6 |  7- 9 | 10-12 | 13-15 | 16-18 || total
-------------------------+-------+-------+-------+-------+-------+-------++-------
Melee: Unarmed           |     1 |       |       |     4 |    10 |    30 ||    45
Invok: Greater Servant o |       |       |       |       |       |     3 ||     3
  Use: Scroll            |       |       |       |       |     1 |       ||     1
 Stab: Distracted        |       |       |       |       |       |     2 ||     2
